[Event "44th Chess Olympiad Open 2022"]
[Site "Chennai"]
[Date "2022.08.05"]
[Round "7.5"]
[White "Sarin Nihal"]
[Black "Quesada Perez, Luis Ernesto"]
[Result "1-0"]
[ECO "D17"]
[WhiteElo "2651"]
[BlackElo "2549"]
[Annotator "TA"]
[PlyCount "103"]
[EventDate "2022.07.29"]
[EventType "team-tourn"]
[EventCountry "IND"]
[SourceTitle "playchess.com"]
[Source "ChessBase"]
[SourceQuality "1"]
[WhiteTeam "India"]
[BlackTeam "Cuba"]
[WhiteTeamCountry "IND"]
[BlackTeamCountry "CUB"]
[TimeControl "40/5400+30:1800+30"]

1. d4 d5 2. c4 c6 3. Nf3 Nf6 4. Nc3 dxc4 5. a4 Bf5 6. Ne5 Nbd7 7. Nxc4 Qc7 8. g3 e5 9. dxe5 Nxe5 10. Bf4 Nfd7 11. Bg2 f6 12. Rc1 $5 {[%emt 0:08:19][%mdl 4] Exploring less charted territory. D17: Slav Defence: 5 a4 Bf5: Lines with 6 Nh4 and 6 Ne5.} (12. O-O $11) 12... g5 {[%emt 0:23:57] [#]} 13. Nxe5 $146 ({Predecessor:} 13. Bxe5 Nxe5 14. Ne3 Bg6 15. O-O Rd8 16. Qb3 Qf7 17. Qxf7+ Kxf7 18. f4 gxf4 19. gxf4 Bc5 {1-0 (51) Cruz Alvarez de Ron,D (2164)-Alonso Vazquez,R (2009) Ortigueira 2002}) 13... gxf4 (13... Nxe5 $11 {is superior.} 14. Be3 Rd8) 14. Nxd7 $14 {[%emt 0:01:34] White is slightly better.} Qxd7 15. Qxd7+ Bxd7 {[%emt 0:00:27] A strong pair of Bishops.} 16. gxf4 O-O-O 17. e3 Be6 18. Ke2 Bb4 19. Be4 Bb3 20. Rhg1 Kb8 21. Rg7 h5 22. Bd3 {[%emt 0:01:00] Against Bc4} a5 {[%emt 0:05:34] [#]} 23. Ne4 $1 Rhf8 24. Bc4 {[%emt 0:04:01] Prevents Be6. White is more active.} Bxc4+ (24... f5 $16) 25. Rxc4 $18 f5 26. Nc5 Rd2+ 27. Kf3 Bxc5 28. Rxc5 Rxb2 29. Rxa5 {[%emt 0:00:00][%mdl 4096] Endgame KRR-KRR} h4 30. h3 Ra2 31. Rd7 (31. Rh7 $18) 31... Rc8 $2 (31... Rf6 $16 32. Rh7 b5) 32. Rh7 (32. Rxf5 c5 33. Rdd5 (33. Rff7 Rb2 $18) 33... b6 $18) (32. Rf7 $142) 32... Ra1 (32... Rf8 {keeps fighting.} 33. Rxh4 b5) 33. Rf7 (33. Rxf5 $6 Rxa4 34. Rxh4 b5 $18) (33. Rxh4 b5 $16) 33... Ra2 34. Rh7 (34. Raxf5 $6 Rxa4 35. Rc5 b5) 34... Ra1 $1 35. Rg7 (35. Rxh4 $6 b5 $16) 35... Ra3 $2 (35... Rf8 36. Rh7 Ra3 37. Rxh4 b6) 36. Rd7 Ra2 $1 37. Re7 Ra3 $2 (37... Rf8 {is a better defense.} 38. Rh7 Rf6 39. Rh8+ (39. Rxh4 b5 $18) 39... Kc7 40. Rh7+ (40. Rxh4 Kd6 $16) 40... Kb8) 38. Rxf5 {[%emt 0:00:29] And now Rff7 would win.} Rxa4 39. Rff7 Rb4 40. Re4 (40. Rg7 $142) 40... Rb2 $2 (40... Rb6 41. Rf6 Rb5) 41. f5 c5 {[%emt 0:01:41] ...c4 is the strong threat.} 42. Rfe7 {[%emt 0:00:00] Strongly threatening f6.} (42. Rxh4 $2 c4 43. Rg7 c3 $19) 42... Rb6 43. R7e6 {[%emt 0:00:00] Inhibits Rf6.} ({Inferior is} 43. Rxh4 c4 44. Ree4 (44. Re6 $2 Rxe6 45. fxe6 c3 $19) 44... c3 $19) 43... Rcc6 (43... Rxe6 $16 44. Rxe6 (44. fxe6 Kc7 $16) 44... Kc7) 44. Rxc6 Rxc6 45. Re6 {[%emt 0:00:00] White wants to mate with Rxc6.} Rxe6 46. fxe6 {[%emt 0:00:00] KP-KP} Kc7 47. Ke4 Kd6 48. e7 $1 Kxe7 49. Kd5 b6 {[%emt 0:00:12] [#]} 50. f4 $2 (50. e4 $1 {mates} Kd7 51. f4 Ke7 52. e5 Ke8 53. f5 Kf7 54. Kd6 Ke8 55. Ke6) 50... Kf7 $2 (50... Kf6 $11) 51. e4 Ke7 52. e5 {[%emt 0:00:00] Weighted Error Value: White=0.49/Black=0.54} 1-0

[Event "44th Chess Olympiad Open 2022"]
[Site "Chennai"]
[Date "2022.08.05"]
[Round "7.5"]
[White "Adhiban, B.."]
[Black "Almeida Quintana, Omar"]
[Result "1/2-1/2"]
[ECO "C41"]
[WhiteElo "2598"]
[BlackElo "2523"]
[Annotator "TA"]
[PlyCount "85"]
[EventDate "2022.07.29"]
[EventType "team-tourn"]
[EventCountry "IND"]
[SourceTitle "playchess.com"]
[Source "ChessBase"]
[SourceQuality "1"]
[WhiteTeam "India"]
[BlackTeam "Cuba"]
[WhiteTeamCountry "IND"]
[BlackTeamCountry "CUB"]
[TimeControl "40/5400+30:1800+30"]

1. d4 d6 2. e4 Nf6 3. Nc3 e5 4. Nf3 Nbd7 5. Bc4 Be7 6. O-O O-O 7. a4 c6 8. Re1 h6 {[%emt 0:01:09] is now debated instead of 8...b6.} 9. h3 Re8 10. a5 {[%emt 0:02:55] C41: Philidor Defence.} exd4 11. Nxd4 Ne5 12. Bf1 {[%emt 0:07:02] [#] White is slightly better.} Bd7 $146 ({Predecessor:} 12... Qc7 13. Bf4 Bf8 14. Bg3 Bd7 15. Nf3 b5 16. axb6 axb6 17. Rxa8 Rxa8 18. Nh4 b5 {0-1 (58) Movsesian,J (2305)-Vajda,S (2375) Paks 2009}) 13. Bf4 b5 14. axb6 axb6 15. Rxa8 Qxa8 16. Bh2 b5 17. f4 b4 (17... Nc4 $15 18. b3 Na3) 18. Nb1 Ng6 19. Nd2 Qa7 20. c3 Bd8 21. Kh1 Bb6 22. f5 Ne5 23. N2f3 bxc3 $1 24. bxc3 Qa3 (24... Qa5 $1 $15 {is superior.} 25. Qb1 Nxf3 26. Nxf3 d5 27. exd5 Rxe1 28. Qxe1 cxd5) 25. Nxe5 $11 {[%emt 0:06:47] The position is equal.} dxe5 26. Qb3 $1 Qxb3 27. Nxb3 h5 28. Bg3 g5 29. fxg6 fxg6 30. Bc4+ Kg7 31. Bh4 Be6 32. Nd2 Ba5 33. Re3 Bb6 34. Re2 Ba5 35. Re3 Bb6 36. Rf3 Nd7 (36... Nxe4 $2 37. Nxe4 (37. Bxe6 Nxd2 38. Rf7+ Kh6 $11) 37... Bxc4 38. Nd6 $18) 37. Bxe6 Rxe6 38. Nc4 Bc7 39. Rd3 Nc5 40. Rd1 Kf8 41. Re1 Re8 42. Kh2 Kf7 43. Rf1+ {[%emt 0:00:00] Weighted Error Value: White=0.07 (flawless) /Black=0.09 (flawless)} 1/2-1/2

[Event "44th Chess Olympiad Open 2022"]
[Site "Chennai"]
[Date "2022.08.05"]
[Round "7.5"]
[White "Albornoz Cabrera, Carlos Daniel"]
[Black "Gukesh D"]
[Result "0-1"]
[ECO "B22"]
[WhiteElo "2566"]
[BlackElo "2684"]
[Annotator "TA"]
[PlyCount "91"]
[EventDate "2022.07.29"]
[EventType "team-tourn"]
[EventCountry "IND"]
[SourceTitle "playchess.com"]
[Source "ChessBase"]
[SourceQuality "1"]
[WhiteTeam "Cuba"]
[BlackTeam "India"]
[WhiteTeamCountry "CUB"]
[BlackTeamCountry "IND"]
[TimeControl "40/5400+30:1800+30"]

1. e4 c5 2. Nf3 Nc6 3. c3 d5 4. exd5 Qxd5 5. d4 Nf6 6. dxc5 Qxd1+ 7. Kxd1 e6 {[%emt 0:04:12] B22: Sicilian: 2 c3.} 8. b4 a5 9. b5 Ne7 {[%emt 0:02:15] [#] The position is equal.} 10. Ne5 $146 ({Predecessor:} 10. Kc2 Ne4 11. Be3 Nd5 12. Bd4 Bxc5 13. Bxc5 Nxc5 14. Bc4 Nb6 15. Nbd2 e5 16. Nxe5 {0-1 (35) Gerard,A (1834)-Lukasevicius,P (2051) ICCF email 2018}) 10... Ng6 (10... Ned5 {seems wilder.} 11. c6 Ne4 12. Ke1 f6) 11. Nxg6 hxg6 12. Be3 Ng4 13. c6 $1 bxc6 14. bxc6 Nxe3+ 15. fxe3 Ba6 {[%emt 0:04:57] Prevents Bb5.} 16. Nd2 Bxf1 17. Nxf1 Rh5 18. Ng3 Re5 19. Re1 Bd6 20. Rb1 Ra6 21. Kc2 (21. Ke2 $15 {was preferrable.}) 21... Rxc6 $17 22. e4 Rc7 23. Re3 Ke7 24. Rd3 Rec5 25. Ne2 Be5 ({Much weaker is} 25... Bxh2 $6 26. g3 $11) 26. g3 Rc4 27. Re3 Bd6 $1 28. Kd3 Ra4 {[%emt 0:00:14] aiming for ...Bc5.} 29. Nc1 g5 {[%emt 0:02:47] Black is more active.} ({Better is} 29... Be5 30. Rb3 Rac4) 30. Rb5 f6 31. Kc2 Be5 32. Kb3 (32. h3 $17) 32... Rac4 $19 33. Ne2 a4+ 34. Kc2 g4 35. Rb6 g5 36. Ra6 Bd6 37. Kd3 a3 $1 38. e5 fxe5 ({Stronger than} 38... Bxe5 39. Rxa3 R4c5 40. Nd4 $17) 39. Ra5 (39. Re4 $142 Rxe4 40. Kxe4) 39... Kf6 {[%emt 0:00:45] Threatens to win with ...R4c5.} 40. Rb5 Kf5 {[%emt 0:01:48] Prevents Re4.} (40... R4c5 $19 41. Rb1 Rd5+ 42. Kc2 Bc5) 41. Nd4+ $17 {[%emt 0:02:04] [#]} Kf6 {[%emt 0:00:09] Dancing on a razor blade.} (41... Kg6 $1 $17 42. Rb3 exd4 43. Rxe6+ Kf5 44. Rxd6 Rxc3+ 45. Rxc3 dxc3) 42. Ne2 $19 Ra4 43. Nc1 {[%emt 0:12:50] [#]} (43. Re4 $17 Rxe4 44. Kxe4) 43... e4+ $1 44. Kc2 Rac4 {[%emt 0:00:39][%cal Od6f4] And now ...Bf4! would win.} 45. Kb3 $2 {[%emt 0:03:23] [#]} (45. Rb3) 45... Bf4 $1 46. gxf4 {[%emt 0:01:44] Weighted Error Value: White=0.28 (precise) /Black=0.09 (flawless)} 0-1

[Event "44th Chess Olympiad Open 2022"]
[Site "Chennai"]
[Date "2022.08.05"]
[Round "7.5"]
[White "Ortiz Suarez, Isan Reynaldo"]
[Black "Praggnanandhaa R"]
[Result "0-1"]
[ECO "C54"]
[WhiteElo "2526"]
[BlackElo "2648"]
[Annotator "TA"]
[PlyCount "82"]
[EventDate "2022.07.29"]
[EventType "team-tourn"]
[EventCountry "IND"]
[SourceTitle "playchess.com"]
[Source "ChessBase"]
[SourceQuality "1"]
[WhiteTeam "Cuba"]
[BlackTeam "India"]
[WhiteTeamCountry "CUB"]
[BlackTeamCountry "IND"]
[TimeControl "40/5400+30:1800+30"]

1. e4 e5 2. Nf3 Nc6 3. Bc4 Bc5 4. c3 Nf6 5. d4 exd4 6. e5 d5 7. Bb5 Ne4 8. cxd4 Bb6 9. Nc3 O-O 10. Be3 {[%emt 0:01:07] C54: Giuoco Piano: 4 c3 Nf6, main lines with 5 d4 and 5 d3.} Bg4 11. Rc1 Ne7 12. h3 {[%emt 0:00:44] The position is equal.} Bh5 {[%emt 0:02:22] [#]} 13. O-O $146 (13. g4 $5 Nxc3 14. bxc3 $14 (14. Rxc3 Bg6 $11)) ({Predecessor:} 13. g4 Bg6 14. h4 f5 15. exf6 Nxf6 16. Ne5 c6 17. Be2 Nd7 18. Nxd7 Qxd7 19. h5 {½-½ (28) Van Foreest,J (2688)-Grischuk,A (2778) Zagreb 2021}) 13... Nf5 14. g4 Nxe3 15. fxe3 Bg6 16. Bd3 c5 17. Ne2 (17. Kg2 $11) 17... cxd4 $1 $17 18. exd4 f5 19. exf6 Qxf6 {[%emt 0:06:41] Strongly threatening ...Rae8.} 20. Kg2 Qd6 21. Qc2 (21. Ne5 $2 Nf2 $1 22. Rxf2 Rxf2+ 23. Kxf2 Qxe5 24. Bxg6 hxg6 $19) 21... Rf6 {[%emt 0:08:50] Hoping for ...Raf8. Black is much more active.} (21... Qf6 $6 22. Ne5 Qd6 23. Nxg6 hxg6 24. Bxe4 dxe4 25. Qxe4 $11) 22. g5 {[%emt 0:06:41] [#]} (22. Nh4 $17 {was worth a try.}) 22... Re6 $1 $19 23. Ne5 Rae8 $2 (23... Rxe5 $19 24. dxe5 Qxe5) 24. Nf4 (24. Nxg6 $15 hxg6 25. Nf4) 24... Rxe5 $17 ({Reject} 24... Bxd4 $6 25. Nexg6 hxg6 26. Qc7 $11 (26. Nxe6 $2 Qg3+ 27. Kh1 Qxh3+ 28. Qh2 Ng3#)) 25. dxe5 Qxe5 26. Rf3 {[%emt 0:02:43] Prevents Be3.} (26. Nxg6 $2 {is a self mate.} Qg3+ 27. Kh1 Qxh3+ 28. Qh2 Ng3#) 26... Qxg5+ 27. Kh1 Bf7 28. Rcf1 Ng3+ 29. Rxg3 Qxg3 30. Bxh7+ Kh8 {[%emt 0:00:04] aiming for ...Re1.} 31. Bg6 Re1 $40 {[%emt 0:02:51][%mdl 128] Black attacks with force.} 32. Rxe1 Qxe1+ 33. Kg2 Bg8 ({Better is} 33... Qg1+ 34. Kf3 Qf1+ 35. Kg4 Be3 36. Qc8+ Bg8) 34. Bf5 {[%emt 0:03:54] White does not recover from this.} (34. Qe2 $17 Qg1+ 35. Kf3) 34... g5 $19 {[%emt 0:01:27] ...Qg1+ is the strong threat.} 35. Nd3 (35. Nh5 $142) 35... Qg1+ 36. Kf3 Qe3+ 37. Kg4 $2 (37. Kg2 {was the only defense.}) 37... Kg7 {[%emt 0:01:15] Threatens to win with ...Bf7.} ({But not} 37... Qd4+ $2 38. Kf3 $19) 38. Qc3+ Bd4 {[%emt 0:02:24] Really sharp!} (38... d4 $142 {( -> ...Bd5)} 39. Qe1 Bxa2 40. Qxe3 dxe3) 39. Qc7+ $2 (39. Qe1) 39... Bf7 40. Qd7 Be5 41. Bg6 Qg3+ {[%emt 0:01:14] Weighted Error Value: White=0.74/Black=0.19 (very precise)} 0-1

[Event "44th Chess Olympiad Open 2022"]
[Site "Chennai"]
[Date "2022.08.05"]
[Round "7.6"]
[White "Yakubboev, Nodirbek"]
[Black "Cruz, Cristhian"]
[Result "1-0"]
[ECO "D41"]
[WhiteElo "2620"]
[BlackElo "2579"]
[Annotator "ChessBase"]
[PlyCount "61"]
[EventDate "2022.07.29"]
[EventType "team-tourn"]
[EventCountry "IND"]
[SourceTitle "playchess.com"]
[Source "ChessBase"]
[SourceQuality "1"]
[WhiteTeam "Uzbekistan"]
[BlackTeam "Peru"]
[WhiteTeamCountry "UZB"]
[BlackTeamCountry "PER"]
[TimeControl "40/5400+30:1800+30"]

1. c4 e6 2. Nf3 Nf6 3. Nc3 d5 4. d4 c5 5. cxd5 Nxd5 6. e4 Nxc3 7. bxc3 cxd4 8. cxd4 Bb4+ 9. Bd2 Bxd2+ 10. Qxd2 O-O 11. Bc4 Nd7 12. O-O b6 13. Rad1 Bb7 14. Rfe1 Rc8 15. Bb3 Qf6 16. d5 Nc5 17. Nd4 Rfd8 18. Qe3 exd5 19. e5 Qh6 20. f4 g6 21. Nb5 Nxb3 22. axb3 d4 23. Nxd4 Qh5 24. Rd2 Qg4 25. h3 Qd7 26. f5 Qe8 27. f6 Kh8 28. e6 fxe6 29. Nxe6 Rxd2 30. Qxd2 Qf7 31. Nd8 1-0

[Event "44th Chess Olympiad Open 2022"]
[Site "Chennai"]
[Date "2022.08.05"]
[Round "7.6"]
[White "Vokhidov, Shamsiddin"]
[Black "Vera Siguenas, Deivy"]
[Result "1-0"]
[ECO "B62"]
[WhiteElo "2552"]
[BlackElo "2503"]
[Annotator "ChessBase"]
[PlyCount "93"]
[EventDate "2022.07.29"]
[EventType "team-tourn"]
[EventCountry "IND"]
[SourceTitle "playchess.com"]
[Source "ChessBase"]
[SourceQuality "1"]
[WhiteTeam "Uzbekistan"]
[BlackTeam "Peru"]
[WhiteTeamCountry "UZB"]
[BlackTeamCountry "PER"]
[TimeControl "40/5400+30:1800+30"]

1. e4 c5 2. Nf3 d6 3. d4 cxd4 4. Nxd4 Nf6 5. Nc3 Nc6 6. Bg5 e6 7. Qd3 Bd7 8. Ndb5 Nb4 9. Qd1 Qb8 10. Bf4 e5 11. Bg5 a6 12. Na3 b5 13. Bxf6 gxf6 14. Nab1 Be6 15. a4 bxa4 16. Rxa4 Bd7 17. Ra1 Qc7 18. Na3 Be6 19. Be2 Bh6 20. O-O O-O 21. Bg4 Qd7 22. h3 Rfc8 23. Qf3 Bxg4 24. hxg4 Qe6 25. Rfd1 Rab8 26. Rab1 Kg7 27. b3 Nxc2 28. Nxc2 Rxb3 29. Rxb3 Qxb3 30. Rxd6 Bg5 31. Ne3 Rxc3 32. Nf5+ Kg6 33. Rd8 h5 34. gxh5+ Kh7 35. Ne3 Qe6 36. Qf5+ Qxf5 37. Nxf5 Rc7 38. Ra8 Rc4 39. f3 Ra4 40. Rf8 a5 41. Rxf7+ Kg8 42. Ra7 Ra1+ 43. Kh2 a4 44. Kh3 a3 45. Kg4 a2 46. Ne7+ Kh7 47. Nd5+ 1-0

[Event "44th Chess Olympiad Open 2022"]
[Site "Chennai"]
[Date "2022.08.05"]
[Round "7.6"]
[White "Cordova, Emilio"]
[Black "Abdusattorov, Nodirbek"]
[Result "0-1"]
[ECO "D02"]
[WhiteElo "2549"]
[BlackElo "2688"]
[Annotator "TA"]
[PlyCount "74"]
[EventDate "2022.07.29"]
[EventType "team-tourn"]
[EventCountry "IND"]
[SourceTitle "playchess.com"]
[Source "ChessBase"]
[SourceQuality "1"]
[WhiteTeam "Peru"]
[BlackTeam "Uzbekistan"]
[WhiteTeamCountry "PER"]
[BlackTeamCountry "UZB"]
[TimeControl "40/5400+30:1800+30"]

1. Nf3 d5 2. g3 Nc6 3. d4 Bf5 4. c3 e6 5. Bg2 h6 6. Nbd2 {[%emt 0:02:57] D02: 1 d4 d5 2 Nf3 sidelines, including 2...Nf6 3 g3 and 2...Nf6 3 Bf4.} Nf6 7. O-O Bd6 8. b3 {[%emt 0:03:35] The position is equal.} O-O 9. Bb2 a5 {[%emt 0:09:34] [#]} 10. a4 $146 ({Predecessor:} 10. a3 Re8 11. c4 Bf8 12. Ne5 Nxe5 13. dxe5 Nd7 14. Qc1 c6 15. Qc3 Nc5 16. Qe3 {0-1 (61) Karavade,E (2192)-Swati,G (2261) Mumbai 2003}) 10... Re8 11. e3 Nb8 12. Qe2 Nbd7 13. c4 Bb4 14. Rfd1 c6 15. Ne5 Qb6 16. e4 Bh7 17. exd5 exd5 18. cxd5 Nxd5 19. Ndc4 Qa6 20. Qh5 Re7 21. Rac1 N7f6 {[%emt 0:00:27] Black keeps a firm grip on the game.} 22. Qh4 Rae8 23. Bf1 Qa8 24. Bg2 Qd8 25. Bf3 Bf5 26. Kh1 {[%emt 0:02:19] [#]} (26. Rf1 $17 {keeps fighting.}) 26... Re6 $1 $19 {[%emt 0:01:55] Strongly threatening ...g5.} 27. g4 (27. Kg1 $142) 27... Be4 28. Qg3 (28. Bxe4 {was necessary.} Nxe4 29. Qxd8 Rxd8 30. Rf1) 28... b5 29. Ne3 Nxe3 30. fxe3 Qd5 {[%emt 0:00:10][%cal Oe6e5] [#] And now ...Rxe5! would win.} 31. Bg2 Qxb3 {[%emt 0:00:57] Black is clearly winning.} 32. Ba1 (32. Qf2 $142 Bxg2+ 33. Qxg2) 32... Ba3 33. g5 Bxc1 34. Rxc1 hxg5 35. Qxg5 Bxg2+ 36. Qxg2 Qxe3 37. Rg1 Qe4 {[%emt 0:00:10] Weighted Error Value: White=0.33/Black=0.03 (flawless)} 0-1

[Event "44th Chess Olympiad Open 2022"]
[Site "Chennai"]
[Date "2022.08.05"]
[Round "7.6"]
[White "Escalante Ramirez, Brian Sebasti"]
[Black "Vakhidov, Jakhongir"]
[Result "0-1"]
[ECO "B50"]
[WhiteElo "2496"]
[BlackElo "2564"]
[Annotator "TA"]
[PlyCount "102"]
[EventDate "2022.07.29"]
[EventType "team-tourn"]
[EventCountry "IND"]
[SourceTitle "playchess.com"]
[Source "ChessBase"]
[SourceQuality "1"]
[WhiteTeam "Peru"]
[BlackTeam "Uzbekistan"]
[WhiteTeamCountry "PER"]
[BlackTeamCountry "UZB"]
[TimeControl "40/5400+30:1800+30"]

1. e4 c5 2. Nf3 d6 3. Nc3 Nf6 4. e5 dxe5 5. Nxe5 a6 (5... e6 {looks sharper.} 6. Bb5+ Bd7 7. Qf3 Qc7) 6. g3 {[%emt 0:00:19] B50: Sicilian: 2...d6, Miscellaneous.} Qd6 $1 {[%emt 0:00:15][%mdl 4] is recently more successful than 6...Qc7.} 7. Qe2 Nc6 8. Nxc6 {[%emt 0:00:19] The position is equal.} Qxc6 9. Rg1 Bg4 10. Bg2 Qd7 {[%emt 0:00:14] [#]} 11. Qe5 $146 ({Predecessor:} 11. Qe3 e6 12. d3 Be7 13. Bd2 O-O 14. h3 Bh5 15. g4 Bg6 16. O-O-O Rab8 17. f4 {0-1 (61) Yoo,C (2466)-Sarana,A (2643) Chess.com INT 2021}) 11... e6 12. b3 ({White should try} 12. h3 $11 Bf5 13. d3) 12... O-O-O (12... Bd6 $15 {is superior.} 13. Qe3 O-O-O) 13. Na4 $11 Qc7 {[%emt 0:03:20] Prevents Nb6+.} 14. Qxc7+ Kxc7 15. Bb2 Nd5 16. Be5+ Bd6 (16... Kd7 $11) 17. Bxg7 $14 Rhg8 18. Bc3 Nb4 19. Bxb4 cxb4 20. d4 e5 21. h3 Bh5 22. g4 Bg6 23. O-O-O exd4 24. Rxd4 b5 25. Nb2 Rge8 26. f4 {[%emt 0:04:26] [#]} (26. Nd3 $11) 26... Be5 $1 $15 27. Rxd8 Bxf4+ {[%emt 0:00:02] A strong pair of Bishops.} 28. Kb1 Rxd8 29. Nd3 Bxd3 30. cxd3 Rxd3 {[%emt 0:00:10][%mdl 4096] Endgame KRB-KRB} 31. Be4 Re3 32. Bxh7 Rxh3 33. Rf1 Be5 34. Rxf7+ Kd6 35. Ra7 Kc5 36. Bf5 Rh1+ 37. Kc2 Rh2+ 38. Kd3 Rxa2 39. g5 a5 40. Bd7 $2 {[%emt 0:01:42][%mdl 8192] This costs White the game.} (40. g6 $11) 40... Kb6 $19 41. Ra8 {[%emt 0:30:22] [#]} a4 $1 42. bxa4 b3 43. Be6 bxa4 44. Ke4 Re2+ 45. Kf5 b2 46. Ba2 Kb5 47. g6 $2 (47. Re8 Rf2+ 48. Ke4) 47... Kb4 48. Ra7 Re1 {[%emt 0:01:08] ( -> ...Ka3)} 49. Re7 Ka3 {[%emt 0:00:14] Black mates.} 50. Rxe5 Rf1+ 51. Ke6 Kxa2 {[%emt 0:00:05] Weighted Error Value: White=0.55/Black=0.14 (very precise)} 0-1

[Event "44th Chess Olympiad Open 2022"]
[Site "Chennai"]
[Date "2022.08.05"]
[Round "7.7"]
[White "Shirov, Alexei"]
[Black "Jumabayev, Rinat"]
[Result "1/2-1/2"]
[ECO "C29"]
[WhiteElo "2704"]
[BlackElo "2617"]
[Annotator "TA"]
[PlyCount "120"]
[EventDate "2022.07.29"]
[EventType "team-tourn"]
[EventCountry "IND"]
[SourceTitle "playchess.com"]
[Source "ChessBase"]
[SourceQuality "1"]
[WhiteTeam "Spain"]
[BlackTeam "Kazakhstan"]
[WhiteTeamCountry "ESP"]
[BlackTeamCountry "KAZ"]
[TimeControl "40/5400+30:1800+30"]

1. e4 e5 2. Nc3 Nf6 3. f4 d5 4. fxe5 Nxe4 5. Qf3 Nc6 6. Bb5 {[%emt 0:00:00] C29: Vienna Game: 2...Nf6 3 f4.} Nxc3 7. dxc3 Qh4+ 8. g3 {[%emt 0:00:00] The position is equal.} Qe4+ 9. Qxe4 dxe4 10. Bxc6+ {[%emt 0:00:00] 10.Ne2 injects fresh life into this line.} bxc6 11. Ne2 c5 {[%emt 0:00:00] [#]} 12. Rf1 $146 ({Predecessor:} 12. c4 Bg4 13. Nc3 O-O-O 14. O-O Bf3 15. Bg5 f6 16. exf6 h6 17. Rxf3 exf3 18. fxg7 Bxg7 19. Bxd8 Rxd8 {1-0 (43) Swanson,S (2225)-Manley,J (2156) Hinckley Island 2008}) 12... Be7 13. c4 f5 (13... Be6 $11) 14. exf6 (14. b3 $14) 14... Bxf6 $11 15. Nc3 (15. Be3 {with more complications.} Bxb2 16. Rd1 Bf6 17. Bxc5 Bg4 18. Bd4) 15... Bxc3+ 16. bxc3 Be6 17. Be3 Bxc4 (17... O-O-O $11) 18. Rf5 $1 $14 O-O-O 19. Rxc5 Ba6 20. Bf4 Rd7 21. Ra5 Bb7 22. Rxa7 Re8 23. Rb1 Bc6 24. Rb4 e3 25. Rd4 Rf7 26. h4 e2 27. Ra5 Re6 28. a4 h6 29. h5 Bf3 30. Rb5 Rb6 {[%emt 0:01:00] [#] And now ...Rxb5 would win.} 31. Rxb6 cxb6 $11 {[%emt 0:00:02][%mdl 4096] Endgame KRB-KRB} 32. Be3 Re7 33. Rd3 Bxh5 34. Bxb6 Rf7 35. Rd8+ Kb7 {[%emt 0:00:31][%mdl 1024] Black has strong compensation.} 36. Bf2 Bf3 37. Rd6 Rf5 38. c4 Ra5 39. Rd3 Bg4 40. Rd4 h5 41. c5 $1 Kc7 42. Be3 Ra8 43. Bf4+ Kc6 44. Be3 Rf8 45. Rd6+ Kc7 46. Bf2 $1 ({Don't blunder} 46. Bf4 $2 g5 47. Rf6+ gxf4 48. Rxf8 fxg3 49. Rf7+ Kc6 $19) 46... Rb8 {[%emt 0:00:00] [#] Hoping for ...Rb1+.} 47. Rb6 {[%emt 0:00:00] Against Rb1+} Rd8 48. Rd6 Ra8 49. Bd4 Rxa4 {[%emt 0:00:00] Threatens to win with ...Rc4.} 50. Bxg7 Rc4 51. Be5 $1 {[%emt 0:00:00] Black must now prevent Rd4+.} Kc8 $1 ({Of course not} 51... Rxc5 52. Rd5+ Kc6 53. Rxc5+ Kxc5 54. Bh8 $11) 52. Rd3 Rxc2 53. Rc3 Rb2 {[%emt 0:00:00] ( -> ...Rb1+)} 54. Bf4 Rb4 {[%emt 0:01:45][%cal Oh5h4] Strongly threatening ...h4!} 55. Bd2 Rb1+ 56. Bc1 Rb5 57. Bf4 Rb4 {[%emt 0:00:21][%cal Oh5h4] ...h4! is the strong threat.} 58. Bd2 Rd4 {[%emt 0:00:15] Black is slightly better.} 59. c6 Rd5 60. c7 Rd7 {[%emt 0:01:11] Weighted Error Value: White=0.05 (flawless) /Black=0.06 (flawless)} 1/2-1/2

[Event "44th Chess Olympiad Open 2022"]
[Site "Chennai"]
[Date "2022.08.05"]
[Round "7.7"]
[White "Santos Latasa, Jaime"]
[Black "Urazayev, Arystanbek"]
[Result "1/2-1/2"]
[ECO "D46"]
[WhiteElo "2675"]
[BlackElo "2430"]
[Annotator "TA"]
[PlyCount "107"]
[EventDate "2022.07.29"]
[EventType "team-tourn"]
[EventCountry "IND"]
[SourceTitle "playchess.com"]
[Source "ChessBase"]
[SourceQuality "1"]
[WhiteTeam "Spain"]
[BlackTeam "Kazakhstan"]
[WhiteTeamCountry "ESP"]
[BlackTeamCountry "KAZ"]
[TimeControl "40/5400+30:1800+30"]

1. d4 Nf6 2. c4 e6 3. Nf3 d5 4. Nc3 c6 5. e3 Nbd7 6. Qc2 Bd6 7. Be2 O-O 8. O-O dxc4 9. Bxc4 a6 10. Rd1 Qe7 11. e4 {[%emt 0:04:44] [#] aiming for e5. D46: Semi-Slav: 5 e3 Nbd7 6 Bd3, Black avoids the Meran.} e5 12. Be3 exd4 {[%emt 0:06:17] [#]} 13. Bxd4 $146 ({Much worse is} 13. Rxd4 Ne5 14. Nxe5 Bxe5 $15) ({Predecessor:} 13. Nxd4 Ne5 14. Bb3 Neg4 15. h3 Nxe3 16. fxe3 Bc7 17. Re1 Re8 18. Nf5 Bxf5 19. exf5 {0-1 (34) Rusli,R (1800)-Jensen,J (1800) FICGS email 2009}) 13... Ne5 14. Nxe5 Bxe5 15. f3 Bxd4+ 16. Rxd4 b5 17. Bf1 c5 18. Nd5 Nxd5 19. Rxd5 c4 20. Rad1 Be6 21. Rd6 Rfd8 22. Qd2 Rxd6 23. Qxd6 Qa7+ 24. Qd4 {[%emt 0:02:20] [#] And now Qxa7 would win.} Kf8 25. Kf2 Ke7 26. Qxa7+ Rxa7 $11 {[%emt 0:00:05][%mdl 4096] Endgame KRB-KRB} 27. Ke3 Rc7 28. Rc1 Kd6 29. Kd4 Rd7 30. a3 Kc6+ 31. Ke3 $1 Kc5 32. f4 {[%emt 0:04:18] Hoping for f5.} f6 33. b4+ Kb6 34. Be2 a5 35. Rd1 {[%emt 0:00:51] The position is equal.} Rxd1 36. Bxd1 axb4 37. axb4 {[%emt 0:00:07] KB-KB} Kc6 38. Kd4 Kd6 39. h4 h6 40. g3 Bd7 41. Be2 Bc6 42. Bh5 Bd7 43. Bf3 Be8 44. Bd1 Bc6 45. Bc2 Bd7 46. Bd1 Be8 47. Ke3 Bf7 48. Be2 Be8 49. Bf3 Bd7 50. Kd4 Be8 51. Bg4 Bc6 52. Be2 Be8 53. Bf3 Bd7 54. Be2 {[%emt 0:00:29] Weighted Error Value: White=0.04 (flawless) /Black=0.03 (flawless)} 1/2-1/2